AoeStats
← rooniet

Arabia

510390580Analyzed
2v2 RM · 2d ago on Sep 30, 2026· 60m 28s· 4 players
Game mode
Random Map
Map size
Medium (4 player)
Population
200
Speed
Normal
Resources
Standard
Victory
Conquest
Starting age
Dark Age
Ending age
Imperial Age
RankedLock teamsTeams togetherTeam positionsShared explorationLock speedFull tech treeHidden civsTurbo modeCheats
Victory
Defeat
🇦🇹 Franks · Austria
955
+17
🇩🇪 Ethiopians · Germany
950
+17
🇲🇽 Georgians · Mexico
977
-17
🇨🇱 Persians · Chile
975
-17
Gewinner2punkt0
8:09 Loom
10:57 Feudal Age
14:39 Double-Bit Axe
20:58 Castle Age
20:37 Scale Barding Armor
22:27 Bow Saw
23:47 Husbandry
23:57 Gold Mining
24:01 Stone Mining
26:50 Forging
27:01 Chain Barding Armor
38:37 Wheelbarrow
41:07 Imperial Age
41:43 Iron Casting
42:16 Hand Cart
44:05 Gold Shaft Mining
44:33 Light Cavalry
46:30 Plate Barding Armor
47:24 Cavalier
49:39 Blast Furnace
51:31 Paladin
59:25 Coinage
ExpertZebra1000
12:20 Feudal Age
12:13 Loom
15:28 Fletching
15:39 Padded Archer Armor
19:30 Horse Collar
22:43 Castle Age
22:07 Horse Collar
22:38 Double-Bit Axe
25:41 Crossbowman
26:27 Thumb Ring
28:46 Ballistics
28:33 Squires
42:42 Imperial Age
42:55 Arbalester
43:37 Halberdier
47:24 Onager
48:40 Bodkin Arrow
49:00 Leather Archer Armor
Kronohx
3:18 Loom
11:09 Feudal Age
11:45 Double-Bit Axe
11:42 Horse Collar
17:55 Wheelbarrow
22:58 Castle Age
21:17 Gold Mining
21:17 Stone Mining
21:22 Fletching
23:39 Bow Saw
23:49 Heavy Plow
23:15 Crossbowman
23:57 Bodkin Arrow
26:01 Padded Archer Armor
27:49 Hand Cart
27:20 Town Watch
28:41 Thumb Ring
29:03 Ballistics
35:09 Imperial Age
33:07 Leather Archer Armor
37:28 Masonry
37:14 Murder Holes
37:33 Kamandaran
37:54 Conscription
44:26 Forging
48:13 Two-Man Saw
47:45 Crop Rotation
47:47 Cavalier
48:28 Husbandry
48:38 Bloodlines
49:03 Ring Archer Armor
49:09 Iron Casting
48:39 Scale Barding Armor
49:19 Town Patrol
51:42 Citadels
51:45 Masonry
54:07 Blast Furnace
53:56 Caravan
rooniet
3:49 Loom
11:07 Feudal Age
11:56 Double-Bit Axe
11:55 Horse Collar
20:49 Castle Age
18:54 Fletching
19:04 Padded Archer Armor
20:19 Forging
20:14 Scale Barding Armor
21:47 Heavy Plow
21:58 Bow Saw
23:54 Padded Archer Armor
23:17 Elite Skirmisher
25:51 Bodkin Arrow
26:11 Leather Archer Armor
26:22 Pikeman
27:02 Squires
32:13 Town Watch
33:48 Iron Casting
33:14 Scale Mail Armor
41:38 Svan Towers
46:17 Imperial Age
48:04 Bracer
49:04 Blast Furnace
49:39 Stone Mining
49:40 Gold Mining
51:38 Chain Barding Armor
52:18 Halberdier
54:08 Blast Furnace
53:09 Scale Mail Armor
55:52 Chemistry
57:47 Scale Mail Armor
58:33 Ballistics
61:10 Chain Mail Armor
Connection lost

Rejoining the realm…

Still unreachable

The connection could not be restored.

Session expired

The server has moved on; the page needs a fresh start.